 Dungeon Crawl Stone Soup version 0.22-a0-392-g5dc3fd9 (webtiles) character file.

4652 KristoblXynda the Destroyer (level 10, -3/81 HPs)
             Began as a Black Draconian Conjurer on May 2, 2018.
             Was a Believer of Ashenzari.
             Slain by a yak (12 damage)
             ... on level 8 of the Dungeon.
             The game lasted 00:30:05 (13240 turns).

KristoblXynda the Destroyer (DrCj)                 Turns: 13240, Time: 00:30:05

Health: -3/81      AC:  9    Str: 10    XL:     10   Next: 20%
Magic:  7/23       EV: 12    Int: 17    God:    Ashenzari [**....]
Gold:   181        SH:  0    Dex: 14    Spells: 15/27 levels left

rFire    . . .     SeeInvis .   l - +2 scimitar (slice) (curse)
rCold    . . .     Gourm    .   (no shield)
rNeg     . . .     Faith    .   (armour unavailable)
rPois    +         Spirit   .   (helmet restricted)
rElec    +         Reflect  .   i - +0 cloak
rCorr    .         Harm     .   (no gloves)
MR       .....                  k - +0 pair of boots
Stlth    +++.......             (no amulet)
HPRegen  0.23/turn              p - ring of poison resistance (curse)
MPRegen  0.18/turn              q - ring of stealth

@: about to teleport
A: breathe lightning, unfitting armour, electricity resistance, cold-blooded, AC
+7
a: Breathe Lightning, Curse Item, Scrying, Renounce Religion


You were on level 8 of the Dungeon.
You worshipped Ashenzari.
Ashenzari was pleased with you.
You were very hungry.

You visited 2 branches of the dungeon, and saw 9 of its levels.

You collected 311 gold pieces.
You spent 130 gold pieces at shops.

Inventory:

Hand Weapons
 a - a +0 flail of venom
 l - a cursed +2 scimitar of slicing (weapon)
Armour
 i - a +0 cloak (worn)
 k - a +0 pair of boots (worn)
 r - a +0 buckler
Jewellery
 p - a cursed ring of poison resistance (left hand)
 q - a ring of stealth (right hand)
Wands
 d - a wand of iceblast (8)
 h - a wand of random effects (47)
 j - a wand of flame (35)
 u - a wand of acid (10)
Scrolls
 f - a scroll of teleportation
 g - 2 scrolls of remove curse
 m - a scroll of amnesia
 v - a scroll of immolation
 w - a scroll of enchant weapon
Potions
 c - 2 potions of haste
 e - a potion of might
 s - a potion of brilliance
 t - a potion of ambrosia {unknown}
Comestibles
 b - 6 rations
 n - 4 chunks of flesh


   Skills:
 - Level 5.0 Fighting
 + Level 4.4(6.6) Long Blades
 - Level 1.7 Dodging
 - Level 1.7 Stealth
 + Level 9.0 Spellcasting
 + Level 10.3 Conjurations


You had 15 spell levels left.
You knew the following spells:

 Your Spells              Type           Power        Failure   Level  Hunger
a - Magic Dart            Conj           ####         1%          1    None
b - Dazzling Spray        Conj/Hex       ####..       3%          3    None
c - Iskenderun's Mystic   Conj           #####...     1%          4    ###....
d - Force Lance           Conj/Tloc      ####....     12%         4    ###....


Dungeon Overview and Level Annotations

Branches:
Dungeon (8/15)             Temple (1/1) D:7            Lair (0/6) D:8

Altars:
Ashenzari
Cheibriados
Dithmenos
Elyvilon
Fedhas
Gozag
Hepliaklqana
Kikubaaqudgha
Makhleb
Nemelex Xobeh
Okawaru
Qazlal
Ru
Sif Muna
Trog
Uskayaw
Vehumet
Wu Jian
Xom
Yredelemnul
Zin
The Shining One

Shops:
D:6 %


Innate Abilities, Weirdness & Mutations

You can breathe wild blasts of lightning.
Your glossy black scales are hard. (AC +7)
You cannot fit into any form of body armour.
You are resistant to electric shocks. (rElec)
You are cold-blooded and may be slowed by cold attacks.


Message History

Your Spellcasting skill increases to level 9!
You have got your breath back.
You hit the yak but do no damage.
Your tail-slap misses the yak.
The yak is heavily wounded.
The yak closely misses you.
A phantom comes into view.
You hit the yak.
The yak is severely wounded.
The phantom blinks!
The yak gores you!
You barely miss the yak.
The yak is severely wounded.
The yak gores you!
* * * LOW HITPOINT WARNING * * *
You hit the yak but do no damage.
The yak is severely wounded.
The yak gores you!
* * * LOW HITPOINT WARNING * * *
As you read the scroll of teleportation, it crumbles to dust.
You feel strangely unstable. The yak gores you!
You die...

.........)#.####)..##.##.#..#
....#####...^..#......##.#..# *,
.#.#........#.##.##....))...####.
.......####.#.......####)).......
.#.#........############..#'####.
.#.#.######.#...>................
##...............########........
###.#......#.##.# * *#........
.#......#.##@# , ,..........
#......#.##Y# * ####....... *
#......#..#Y# ######## ,
....####..ooZ# ....* , ....O. ,
.. ,,.†...W,, * ,....... , , ,
...>...., , , , , P......P.. *, *


You could see 2 yaks, a phantom, an ogre, an orc wizard and an adder zombie.

Vanquished Creatures
  2 hippogriffs
  2 yaks (D:8)
  A hungry ghost (D:6)
  Grum (D:8)
  2 sky beasts (D:6)
  2 black bears (D:7)
  2 necrophages
  3 ogres
  2 wolves (D:8)
  2 crocodiles (D:8)
  2 phantoms
  2 centaurs
  2 bullfrogs
  A scorpion (D:4)
  14 killer bees
  6 wights (D:6)
  4 crimson imps
  2 howler monkeys
  A bullfrog zombie (D:6)
  6 orc priests
  2 bullfrog skeletons (D:6)
  A hound (D:5)
  A jelly (D:7)
  7 orc wizards
  3 iguanas
  6 worker ants
  3 hound zombies
  3 worker ant zombies
  6 adders
  2 shadow imps
  2 oozes (D:2)
  An adder skeleton (D:4)
  An adder zombie (D:7)
  2 dart slugs
  5 leopard geckos
  37 orcs
  A ball python (D:1)
  7 giant cockroaches
  6 goblins
  12 hobgoblins
  5 jackals
  A quokka (D:4)
  14 bats
  6 frilled lizards
  7 kobolds
  A leopard gecko skeleton (D:7)
  2 quokka zombies
  11 rats
214 creatures vanquished.

Notes
Turn   | Place    | Note
-------+----------+-------------------------------------------
     0 | D:1      | KristoblXynda the Draconian Conjurer began the quest for the Orb.
     0 | D:1      | Reached XP level 1. HP: 14/14 MP: 3/3
   455 | D:1      | Reached XP level 2. HP: 20/20 MP: 3/5
  1222 | D:1      | Reached XP level 3. HP: 26/26 MP: 5/7
  1260 | D:1      | Learned a level 3 spell: Dazzling Spray
  1844 | D:2      | Found a shattered altar of Ashenzari.
  1881 | D:2      | Became a worshipper of Ashenzari the Shackled
  1970 | D:2      | Reached XP level 4. HP: 33/33 MP: 3/8
  2238 | D:2      | You fall through a shaft for 2 floors!
  2456 | D:3      | Reached skill level 5 in Conjurations
  3538 | D:3      | Reached XP level 5. HP: 10/38 MP: 2/10
  3874 | D:3      | Learned a level 4 spell: Iskenderun's Mystic Blast
  3944 | D:3      | Reached * piety under Ashenzari
  4044 | D:3      | HP: 1/38 [orc priest/flail (7)]
  5192 | D:4      | Reached XP level 6. HP: 35/45 MP: 6/12
  5483 | D:4      | Reached skill level 6 in Conjurations
  6074 | D:4      | Reached skill level 5 in Spellcasting
  6444 | D:4      | Your scales start taking on a glossy black colour.
  6444 | D:4      | Reached XP level 7. HP: 46/46 MP: 8/14
  6444 | D:4      | Gained mutation: You are resistant to electric shocks. (rElec) [Black Draconian growth]
  6954 | D:5      | Entered Level 5 of the Dungeon
  7003 | D:5      | Reached skill level 7 in Conjurations
  7483 | D:6      | Noticed a hungry ghost
  7508 | D:6      | Killed a hungry ghost
  7513 | D:6      | Reached XP level 8. HP: 14/53 MP: 2/17
  8045 | D:6      | Reached skill level 1 in Fighting
  8064 | D:6      | Reached skill level 8 in Conjurations
  8380 | D:6      | Found Nuetoul's Food Emporium.
  8383 | D:6      | Bought a ration for 65 gold pieces
  8383 | D:6      | Bought a ration for 65 gold pieces
  9236 | D:7      | Found a staircase to the Ecumenical Temple.
  9868 | D:5      | Reached XP level 9. HP: 8/71 MP: 20/20
  9871 | D:5      | Reached skill level 9 in Conjurations
 10530 | D:5      | Reached ** piety under Ashenzari
 10664 | Temple   | Entered the Ecumenical Temple
 10769 | D:7      | Reached skill level 5 in Fighting
 11318 | D:7      | Learned a level 4 spell: Force Lance
 11370 | D:7      | Reached skill level 1 in Long Blades
 12723 | D:8      | Noticed Grum
 12728 | D:8      | Killed Grum
 12762 | D:8      | Reached skill level 10 in Conjurations
 13081 | D:8      | Reached XP level 10. HP: 81/81 MP: 17/22
 13212 | D:8      | Found a staircase to the Lair.
 13240 | D:8      | Slain by a yak

Vault maps used:
D:1:      dpeg_arrival_erosion
D:2:      overflow_temple_1_default, first_ration, solitary_fountain,
          dk_noncrumbling_4, st_stairs_7, nrook_mini_vaults,
          kennysheep_generic_room_8
D:4:      grunt_ministairs_12
D:6:      serial_shops, kennysheep_mini, minmay_tree_intersection,
          kennysheep_cross_room, kennysheep_generic_room_5
D:7:      minmay_temple_entry_mist
D:8:      david_lair_generic, uniq_grum
Temple:   grunt_wide_crystal_templ

Skill      XL: |  1  2  3  4  5  6  7  8  9 10 |
---------------+-------------------------------+-----
Spellcasting   | 3 4 5 6 7 8 9 |  9.0
Conjurations   | 5 6 7 8 10 | 10.3
Fighting       | 4 5 |  5.0
Long Blades    | 3 4 |  4.4
Dodging        | |  1.7
Stealth        | |  1.7

Action                   |  1- 3 |  4- 6 |  7- 9 | 10-12 || total
-------------------------+-------+-------+-------+-------++-------
Melee: Dagger            |    34 |    70 |       |       ||   104
       Tailslap          |     3 |    13 |    31 |     1 ||    48
       Flail             |       |    51 |    67 |       ||   118
       Scimitar          |       |       |   176 |    23 ||   199
 Cast: Magic Dart        |    79 |   160 |   121 |       ||   360
       Iskenderun's Myst |       |     2 |    26 |     9 ||    37
       Dazzling Spray    |       |       |     2 |       ||     2
Invok: Curse Item        |       |       |     1 |       ||     1
 Abil: Breathe Lightning |       |       |     2 |     1 ||     3
  Use: Scroll            |       |     6 |     6 |     1 ||    13
       Potion            |       |     3 |     4 |       ||     7
 Stab: Sleeping          |     1 |       |     3 |       ||     4
  Eat: Chunk             |     4 |     9 |     7 |       ||    20
       Ration            |       |     2 |     7 |       ||     9
Armor: Skin              |    13 |    58 |   127 |    11 ||   209
Dodge: Dodged            |    29 |   102 |   223 |    13 ||   367
       Rpst.: Scimitar   |       |       |    44 |       ||    44

Table legend:
 A = Spawn XP
 B = Non-spawn XP
 C = Spawn XP percentage of total XP
 D = Spawn monster count
 E = Non-spawn monster count
 F = Spawn count percentage of total count
 G = Total turns spent on level
                    A         B        C        D         E        F      G
               +---------+---------+-------+---------+---------+-------+---------
         Total |       0 |    6646 |   0.0 |       0 |     214 |   0.0 | 13240
               +---------+---------+-------+---------+---------+-------+---------
           D:1 |       0 |      48 |   0.0 |       0 |      28 |   0.0 |  1497
           D:2 |       0 |      73 |   0.0 |       0 |      30 |   0.0 |  1281
           D:3 |       0 |     213 |   0.0 |       0 |      31 |   0.0 |  2248
           D:4 |       0 |     523 |   0.0 |       0 |      18 |   0.0 |  1964
           D:5 |       0 |     797 |   0.0 |       0 |      24 |   0.0 |   562
           D:6 |       0 |    1533 |   0.0 |       0 |      33 |   0.0 |  3100
           D:7 |       0 |    1620 |   0.0 |       0 |      30 |   0.0 |  1952
           D:8 |       0 |    1839 |   0.0 |       0 |      20 |   0.0 |   550
               +---------+---------+-------+---------+---------+-------+---------
